 Dungeon Crawl Stone Soup version 0.18-a0-1405-g73f4075 (webtiles) character file.

50 Kidiri the Firebug (level 3, -4/20 HPs)
             Began as a Deep Elf Fire Elementalist on Feb 24, 2016.
             Slain by Terence
             ... wielding a +0 flail
              (6 damage)
             ... on level 2 of the Dungeon.
             The game lasted 00:03:40 (1601 turns).

Kidiri the Firebug (Deep Elf Fire Elementalist)     Turns: 1601, Time: 00:03:40

Health: -4/20      AC:  2    Str:  5    XL:     3   Next: 55%
Magic:  1/10       EV: 13    Int: 20    God:
Gold:   31         SH:  0    Dex: 15    Spells: 4 memorised, 0 levels left

rFire  . . .     SeeInvis .     h - +0 dagger
rCold  . . .     Gourm    .     a - +0 robe
rNeg   . . .     Faith    .     (no shield)
rPois  .         Spirit   .     (no helmet)
rElec  .         Dismiss  .     (no cloak)
rCorr  .         Reflect  .     (no gloves)
SustAt .         Harm     .     (no boots)
MR     .....                    (no amulet)
Stlth  ++........               (no ring)
                                (no ring)

@: very slightly contaminated, not resistant to hostile enchantments, unstealthy
A: no striking features
a: no special abilities


You were on level 2 of the Dungeon.
You were hungry.

You visited 1 branch of the dungeon, and saw 2 of its levels.

You collected 31 gold pieces.

Inventory:

Hand Weapons
 h - a +0 dagger (weapon)
Armour
 a - a +0 robe (worn)
Scrolls
 d - a scroll of fear {unknown}
 g - 4 scrolls of identify {unknown}
 i - a scroll of enchant armour {unknown}
Potions
 e - 2 potions of flight {unknown}
Books
 b - a book of Flames

   Spells                             Type                      Level
   a - Flame Tongue                   Conjuration/Fire             1
   b - Throw Flame                    Conjuration/Fire             2
   c - Conjure Flame                  Conjuration/Fire             3
   d - Inner Flame                    Hexes/Fire                   3
   e - Sticky Flame                   Conjuration/Fire             4
   f - Fireball                       Conjuration/Fire             5
Comestibles
 c - a bread ration
 f - 2 chunks of flesh
 j - a royal jelly


   Skills:
 + Level 0.7 Fighting
 + Level 2.8 Dodging
 + Level 2.8 Stealth
 * Level 3.8 Spellcasting
 + Level 1.1 Conjurations
 + Level 0.6 Hexes
 + Level 3.8 Fire Magic


You couldn't memorise any spells.
You knew the following spells:

 Your Spells              Type           Power        Failure   Level  Hunger
a - Flame Tongue          Conj/Fire      ##...        6%          1    None
b - Throw Flame           Conj/Fire      ##....       10%         2    ##.....
c - Conjure Flame         Conj/Fire      ##......     17%         3    ###....
d - Inner Flame           Hex/Fire       ##......     17%         3    ###....


Dungeon Overview and Level Annotations

Branches:
Dungeon (2/15)

Altars:
Cheibriados

Annotations:
D:2 Terence


Message History

Terence is almost dead.
Terence barely misses you.
You hit Terence but do no damage.
Terence is almost dead.
Terence hits you with a flail!
Casting: Flame Tongue
Confirm with . or Enter, or press ? or * to list all spells.
Aiming: Flame Tongue
Press: ? - help, Shift-Dir - straight line, f/p - Terence
Aim: Terence, wielding a flail and wearing a chain mail (almost dead, unusually agile)
The flame tongue hits Terence.
Terence appears unharmed.
Terence is almost dead.
Terence hits you with a flail!
Ouch! That really hurt!
* * * LOW HITPOINT WARNING * * *
Terence is no longer unusually agile.
Terence screams, "I'm going to kill you!"
Terence closely misses you. Terence hits you with a flail.
You die...

##### #...
###############.######
..#..................#
..#.#####........@...#
..#.# #.......@....#
..#.# ###'###.######
..#.# #####.....# ..#.#
#....###################
..#.# #....#
#..............<# ..#.#
#....# #.###############
..#.# #....###.#######
..#.###...............
............>........>


You could see Terence.

Vanquished Creatures
  An adder (D:2)
  2 dart slugs
  3 giant geckos
  A ball python (D:1)
  3 bats (D:1)
  4 giant cockroaches (D:1)
  2 goblins (D:1)
  5 hobgoblins (D:1)
  4 kobolds
  3 giant newts (D:1)
  4 rats (D:1)
32 creatures vanquished.

Notes
Turn   | Place    | Note
--------------------------------------------------------------
     0 | D:1      | Kidiri the Deep Elf Fire Elementalist began the quest for the Orb.
     0 | D:1      | Reached XP level 1. HP: 10/10 MP: 6/6
    20 | D:1      | Found a snail-covered altar of Cheibriados.
   426 | D:1      | Reached XP level 2. HP: 15/15 MP: 6/8
   430 | D:1      | Learned a level 2 spell: Throw Flame
   980 | D:1      | Reached XP level 3. HP: 20/20 MP: 6/10
   996 | D:1      | Learned a level 3 spell: Conjure Flame
  1000 | D:1      | Learned a level 3 spell: Inner Flame
  1524 | D:2      | Noticed Terence
  1601 | D:2      | Slain by Terence

Vault maps used:
D:1:      tarquinn_simple_flora_water_f, cheibriados_altar_1
D:2:      uniq_natasha, uniq_terence

Action                   || total
-------------------------++-------
Melee: Unarmed           ||     3
       Dagger            ||     4
 Cast: Flame Tongue      ||    51
       Throw Flame       ||    16
       Conjure Flame     ||     1
  Eat: Chunk             ||     2
